 Dungeon Sprint DCSS version bcrawl-1.26.1 (webtiles) character file.

Game seed: 1282266026180080902

815128 Freyura the Unseen (level 10, -3/85 HPs)
             Began as a Vampire Gladiator on July 11, 2020.
             Was an Elder of Dithmenos.
             Splashed by a jelly's acid (10 damage)
             ... in the Dungeon (Sprint I: "Red Sonja").
             The game lasted 00:14:15 (2396 turns).

Freyura the Unseen (Vampire Gladiator)              Turns: 2396, Time: 00:14:15

Health: -3/85      AC: -13   Str: 17    XL:     10   Next: 23%
Magic:  14/14      EV: 21    Int: 10    God:    Dithmenos [****..]
Gold:   616        SH:  0    Dex: 17    Spells: 9/9 levels left

rFire    . . .     SeeInvis +   a - +0 rapier
rCold    + . .     Gourm    .   (no shield)
rNeg     + + .     Faith    .   j - +0 robe
rPois    ∞         Spirit   .   c - +0 helmet
rElec    .         Reflect  .   (no cloak)
rCorr    .         Harm     .   (no gloves)
MR       +....     NoTele   +   (no boots)
Stlth    ++++++++++             (no amulet)
HPRegen  0.12/turn              l - ring of poison resistance (curse)
MPRegen  0.14/turn              (no ring)

@: corroded, bloodless, regenerating slowly, wreathed by umbra
A: claws 1, fangs 3, see invisible, unbreathing
a: Shadow Step, Renounce Religion


You were in the Dungeon.
You worshipped Dithmenos.
Dithmenos was greatly pleased with you.
You were bloodless.

You visited 1 branch You collected 1056 gold pieces.
You spent 440 gold pieces at shops.

Inventory:

Hand Weapons
 a - a +0 rapier (weapon)
Missiles
 d - 3 throwing nets {=f}
Armour
 b - a +0 leather armour
 c - a +0 helmet (worn)
 j - a +0 robe (worn)
Jewellery
 l - a cursed ring of poison resistance (left claw)
Scrolls
 k - a scroll of blinking
Potions
 e - a potion of ambrosia
 f - a potion of berserk rage
 h - a potion of haste
 i - 2 potions of magic
 m - 3 potions of curing
 q - 2 potions of blood
Miscellaneous
 g - a lamp of fire


   Skills:
 + Level 10.0 Fighting
 + Level 13.1 Short Blades
 - Level 1.5 Throwing
 + Level 12.0 Dodging
 * Level 20.0 Stealth
 + Level 6.4 Invocations


You had 9 spell levels left.
You didn't know any spells.
Your spell library was empty.

Dungeon Overview and Level Annotations

Branches:
Dungeon (1/1)

Altars:
Cheibriados
Dithmenos
Elyvilon
Fedhas
Gozag
Hepliaklqana
Kikubaaqudgha
Lugonu
Makhleb
Nemelex Xobeh
Okawaru
Qazlal
Ru
Sif Muna
Trog
Uskayaw
Vehumet
Wu Jian
Xom
Yredelemnul
Zin
The Shining One
Jiyva

Shops:
D [}[


Innate Abilities, Weirdness & Mutations

You heal slowly.
You are immune to poison.
You have sharp fingernails.
You have razor-sharp teeth.
You have supernaturally acute eyesight. (SInv)
You can survive without breathing.


Message History

The unseen horror misses you. The necrophage closely misses you.
You hit the unseen horror but do no damage.
The unseen horror misses you. The unseen horror closely misses you.
The necrophage hits you.
You feel terrible. The unseen horror closely misses you. The jelly hits you.
The acid corrodes you!
You are splashed with acid!
* * * LOW HITPOINT WARNING * * *
You hit the unseen horror.
The unseen horror is lightly wounded.
The unseen horror completely misses you.
The unseen horror misses you. The necrophage completely misses you.
Okay, then.
You hit the unseen horror but do no damage.
The unseen horror is lightly wounded.
The unseen horror hits you!
* * * LOW HITPOINT WARNING * * *
The unseen horror closely misses you. The jelly hits you.
* * * LOW HITPOINT WARNING * * *
You are splashed with acid!
You die...

..#_____##'#_.'≈≈≈§.§..#
⌠⌠#_.∩...'..§_#≈§§§§#..#
###_..__##_.#+##+#####'###
#_____###'# ###.'.#
###########.####+###%###.#
∩........'...'..[..'.∩##§#
##++++####.).###########.#
###.###.x...§.##.#
#.#'#.#x@JJn...§.#
#.....#++n######†#
#...(.#J.....J§#§#
#######J...§§§#§J#
/n....§.§§#### %.......≈≈#
.......≈≈≈## ##..≈≈≈≈###
+######


You could see 2 unseen horrors, 2 necrophages and 2 jellies.

Vanquished Creatures
  2 centaur warriors (D)
  A deep troll (D)
  Sonja (D)
  An oklob plant (D)
  2 kobold demonologists (D)
  A slime creature (D)
  A hornet (D)
  Sigmund (D)
  2 redbacks (D)
  A yak (D)
  2 floating eyes (D)
  An ogre (D)
  4 jellies (D)
  Ijyb (D)
  A ballistomycete spore (D)
22 creatures vanquished.

Vanquished Creatures (others)
  A gargoyle (D)
  A ballistomycete spore (D)
2 creatures vanquished.

Grand Total: 24 creatures vanquished

Notes
Turn   | Place    | Note
-------+----------+-------------------------------------------
     0 | D        | Freyura the Vampire Gladiator began the quest for the Orb.
     0 | D        | Reached XP level 1. HP: 16/16 MP: 1/1
     2 | D        | Noticed Ijyb
    26 | D        | Killed Ijyb
    26 | D        | Reached skill level 5 in Stealth
    26 | D        | Reached XP level 2. HP: 7/23 MP: 2/2
   127 | D        | Noticed an ogre
   131 | D        | Killed an ogre
   131 | D        | Reached skill level 5 in Dodging
   131 | D        | Reached skill level 8 in Stealth
   131 | D        | Reached XP level 3. HP: 22/30 MP: 3/3
   131 | D        | Reached XP level 4. HP: 28/37 MP: 4/4
   171 | D        | Noticed Sigmund
   175 | D        | Killed Sigmund
   175 | D        | Reached skill level 5 in Fighting
   175 | D        | Reached skill level 11 in Stealth
   175 | D        | Reached XP level 5. HP: 44/44 MP: 5/5
   213 | D        | Found a burning altar of Makhleb.
   213 | D        | Found a viscous altar of Jiyva.
   213 | D        | Found a shimmering altar of Xom.
   213 | D        | Found a corrupted altar of Lugonu.
   213 | D        | Noticed a slime creature
   218 | D        | Killed a slime creature
   218 | D        | Reached skill level 13 in Stealth
   218 | D        | Reached XP level 6. HP: 27/52 MP: 6/6
   287 | D        | Found an ornate altar of the Wu Jian Council.
   287 | D        | Found a shimmering blue altar of Sif Muna.
   289 | D        | Found a radiant altar of Vehumet.
   321 | D        | Found Fozesm's Gadget Emporium.
   321 | D        | Found an ancient bone altar of Kikubaaqudgha.
   321 | D        | Found a hazy altar of Hepliaklqana.
   321 | D        | Found a stormy altar of Qazlal.
   321 | D        | Found a hide-covered altar of Uskayaw.
   321 | D        | Found a blossoming altar of Fedhas.
   321 | D        | Found a bloodstained altar of Trog.
   321 | D        | Found an iron altar of Okawaru.
   321 | D        | Found a basalt altar of Yredelemnul.
   321 | D        | Found a glowing golden altar of the Shining One.
   321 | D        | Found a snail-covered altar of Cheibriados.
   321 | D        | Found a sacrificial altar of Ru.
   321 | D        | Found a glowing silver altar of Zin.
   321 | D        | Found a shadowy altar of Dithmenos.
   321 | D        | Found a white marble altar of Elyvilon.
   321 | D        | Noticed a yak
   336 | D        | Killed a yak
   336 | D        | Reached skill level 14 in Stealth
   336 | D        | Reached XP level 7. HP: 35/59 MP: 7/7
   337 | D        | Found an opulent altar of Gozag.
   338 | D        | Found a sparkling altar of Nemelex Xobeh.
   346 | D        | Became a worshipper of Dithmenos the Shadowed
   768 | D        | Killed a gargoyle
  2089 | D        | Noticed Sonja
  2093 | D        | Killed Sonja
  2093 | D        | Reached skill level 10 in Short Blades
  2093 | D        | Reached skill level 16 in Stealth
  2093 | D        | Reached XP level 8. HP: 68/68 MP: 8/8
  2150 | D        | Found Soazimo's Antique Armour Boutique.
  2176 | D        | Bought a lamp of fire for 440 gold pieces
  2184 | D        | Noticed a deep troll
  2188 | D        | Killed a deep troll
  2188 | D        | Reached skill level 10 in Dodging
  2188 | D        | Reached skill level 17 in Stealth
  2234 | D        | Found Erhoth's Armour Emporium.
  2274 | D        | Noticed a kobold demonologist
  2275 | D        | Noticed a kobold demonologist
  2277 | D        | Killed a kobold demonologist
  2277 | D        | Reached * piety under Dithmenos
  2277 | D        | Reached XP level 9. HP: 75/75 MP: 11/11
  2280 | D        | Killed a kobold demonologist
  2294 | D        | Noticed a centaur warrior
  2295 | D        | Noticed a centaur warrior
  2299 | D        | Killed a centaur warrior
  2299 | D        | Reached skill level 18 in Stealth
  2299 | D        | Reached skill level 5 in Invocations
  2300 | D        | Killed a centaur warrior
  2300 | D        | Reached ** piety under Dithmenos
  2300 | D        | Reached skill level 19 in Stealth
  2323 | D        | Noticed an oklob plant
  2325 | D        | Killed an oklob plant
  2325 | D        | Reached XP level 10. HP: 85/85 MP: 14/14
  2334 | D        | Reached *** piety under Dithmenos
  2337 | D        | Reached skill level 10 in Fighting
  2364 | D        | Noticed an unseen horror
  2364 | D        | Noticed an unseen horror
  2365 | D        | Reached skill level 20 in Stealth
  2375 | D        | Reached **** piety under Dithmenos
  2396 | D        | Splashed by a jelly's acid

Skill      XL: |  1  2  3  4  5  6  7  8  9 10 |
---------------+-------------------------------+-----
Fighting       | 2 4 5 6 7 8 9 10 | 10.0
Short Blades   | 4 6 7 8 9 10 11 12 13 | 13.1
Dodging        | 4 5 6 7 8 9 10 11 12 | 12.0
Stealth        | 5 8 11 13 14 16 17 19 20 | 20.0
Invocations    | 3 6 |  6.4
Throwing       | |  1.5

Action                   |  1- 3 |  4- 6 |  7- 9 | 10-12 || total
-------------------------+-------+-------+-------+-------++-------
Melee: Rapier            |    21 |    21 |    10 |    16 ||    68
       Bite              |     1 |     1 |       |     4 ||     6
  Use: Potion            |     1 |     1 |     1 |       ||     3
       Scroll            |       |       |     2 |       ||     2
 Stab: Sleeping          |     1 |     2 |    10 |     4 ||    17
Armor: Skin              |    13 |       |       |       ||    13
Dodge: Dodged            |     1 |     9 |       |    21 ||    31
